 Dungeon Crawl Stone Soup version 0.17.1-3-g152610e (webtiles) character file.

42 Gargoyl the Skirmisher (level 3, 0/29 HPs)
             Began as a Demonspawn Abyssal Knight on Apr 19, 2016.
             Was a Follower of Lugonu.
             Slain by a hobgoblin
             ... wielding a +0 club
             ... led by Robin
              (4 damage)
             ... on level 2 of the Dungeon.
             The game lasted 00:03:56 (1525 turns).

Gargoyl the Skirmisher (Demonspawn Abyssal Knight)  Turns: 1525, Time: 00:03:56

Health: 0/29       AC: 10    Str: 13    XL:     3   Next: 33%
Magic:  5/5        EV:  3    Int: 13    God:    Lugonu [*.....]
Gold:   108        SH:  0    Dex: 12    Spells: 0 memorised, 2 levels left

rFire  . . .     SeeInvis .     a - +1 hand axe
rCold  . . .     Clarity  .     e - +0 plate armour
rNeg   . . .     SustAt   .     (no shield)
rPois  .         Gourm    .     (no helmet)
rElec  .         Spirit   .     (no cloak)
rCorr  .         Warding  .     (no gloves)
rMut   .         Stasis   .     (no boots)
MR     .....                    (no amulet)
Stlth  ..........               (no ring)
                                (no ring)

@: drained, not resistant to hostile enchantments, extremely unstealthy
A: powered by pain 1
a: Depart the Abyss, Renounce Religion


You were on level 2 of the Dungeon.
You worshipped Lugonu.
Lugonu was aware of your devotion.
You were not hungry.

You visited 1 branch of the dungeon, and saw 2 of its levels.
You visited the Abyss 1 time.

You collected 108 gold pieces.

Inventory:

Hand Weapons
 a - a +1 hand axe (weapon)
Armour
 e - a +0 plate armour (worn)
Scrolls
 b - a scroll of amnesia {unknown}
 d - a scroll of noise {unknown}
 h - a scroll of immolation {unknown}
 k - a scroll of random uselessness {unknown}
 l - 2 scrolls of identify {unknown}
 m - a scroll of blinking {unknown}
Potions
 g - a potion of lignification {unknown}
 n - a potion of cure mutation {unknown}
 o - a potion of ambrosia {unknown}
Comestibles
 c - 2 bread rations
 f - a slice of pizza
 i - 6 fruits
 p - a chunk of flesh


   Skills:
 + Level 3.6(2.9) Fighting
 + Level 1.9(1.3) Axes
 * Level 2.1(1.4) Armour
 + Level 1.1(0.4) Dodging
 + Level 3.4(2.7) Invocations


You had 2 spell levels left.
You didn't know any spells.

Dungeon Overview and Level Annotations

Branches:
Dungeon (2/15)

Altars:

Annotations:
D:2 Robin


Innate Abilities, Weirdness & Mutations

You sometimes gain a little power by taking damage.


Message History

The hobgoblin hits you but does no damage.
Unknown command.
You slash the hobgoblin!
You kill the hobgoblin!
Lugonu accepts your kill.
You barely miss the quokka. You hit the hobgoblin.
The hobgoblin is almost dead.
The quokka bites you.
Robin hits you from afar with a trident.
The quokka bites you but does no damage.
The hobgoblin hits you with a club.
Robin hits you from afar with a trident.
* * * LOW HITPOINT WARNING * * *
You miss the kobold.
Your plate armour prevents you from hitting the hobgoblin.
The hobgoblin is almost dead.
You miss the quokka. The quokka bites you.
* * * LOW HITPOINT WARNING * * *
The kobold hits you but does no damage. The hobgoblin hits you with a club.
You die...

## #. #. #.
#.## #g@# #rK#
#g.# ..####..#
.......(#
#..............
...g.##.$......
.#... ..##.....
..... #.# .....


You could see Robin, a quokka, a hobgoblin (frenzied) and a kobold.

Vanquished Creatures
  An ooze (D:1)
  A worm (D:1)
  A giant gecko (D:1)
  3 bats (D:1)
  7 goblins
  4 hobgoblins
  6 jackals (D:1)
  2 giant cockroaches (D:1)
  A giant newt (D:1)
  6 kobolds (D:1)
  A rat (D:1)
33 creatures vanquished.

Notes
Turn   | Place    | Note
--------------------------------------------------------------
     0 | Abyss:1  | Gargoyl the Demonspawn Abyssal Knight began the quest for the Orb.
     0 | Abyss:1  | Reached XP level 1. HP: 18/18 MP: 2/2
    41 | Abyss:1  | Noticed a neqoxec
    55 | Abyss:1  | Noticed a crimson imp
    63 | Abyss:1  | Noticed a chaos spawn
    78 | Abyss:1  | Noticed a tentacled starspawn
   158 | Abyss:1  | Noticed a cyan very ugly thing
   158 | D:1      | Escaped the Abyss
   390 | D:1      | Gained mutation: You sometimes gain a little power by taking damage. [demonic ancestry]
   390 | D:1      | Reached XP level 2. HP: 22/24 MP: 4/4
   530 | D:1      | Reached * piety under Lugonu
   585 | D:1      | Reached skill level 1 in Dodging
  1044 | D:2      | Noticed Robin
  1241 | D:1      | Reached XP level 3. HP: 18/29 MP: 5/5
  1525 | D:2      | Slain by a hobgoblin

Action                   || total
-------------------------++-------
Melee: Hand axe          ||   109
Invok: Depart the Abyss  ||     1
  Use: Potion            ||     2
  Eat: Chunk             ||     2
